 Dungeon Crawl Stone Soup version 0.27-a0-1189-gb8eb6cee8e (webtiles) character file.

Game seed: 1783598755527409845

67 experimilk the Cudgeller (level 4, 0/29 HPs)
             Began as a Gargoyle Monk on May 22, 2021.
             Slain by Purgy (1 damage)
             ... in a sewer.
             The game lasted 00:06:49 (2694 turns).

experimilk the Cudgeller (Gargoyle Monk)            Turns: 2694, Time: 00:06:49

Health: 0/29       AC:  6    Str: 15    XL:     4   Next: 16%
Magic:  4/4        EV: 12    Int: 11    God:
Gold:   82         SH:  0    Dex: 12    Spells: 3/3 levels left

rFire    . . .     SeeInvis .   a - +1 mace
rCold    . . .     Faith    .   (no shield)
rNeg     + . .     Spirit   .   e - +0 leather armour
rPois    ∞         Reflect  .   (no helmet)
rElec    +         Harm     .   (no cloak)
rCorr    .         Rampage  .   (no gloves)
Will     .....                  (no boots)
Stlth    ++........             (no amulet)
HPRegen  0.09/turn              (no ring)
MPRegen  0.09/turn              (no ring)

@: about to teleport
A: sickness immunity, AC +3, negative energy resistance 1, electricity
resistance, torment resistance 1, petrification resistance
a: no special abilities


You were in a sewer.
You visited 1 branch of the dungeon, and saw 3 of its levels.
You also visited: Sewer.

You collected 82 gold pieces.

Inventory:

Hand Weapons
 a - a +1 mace (weapon)
 g - a +0 hand axe of electrocution
 h - a +0 hunting sling
Missiles
 i - 54 sling bullets
 n - 28 stones (quivered)
Armour
 b - a +0 robe
 c - a +0 chain mail
 e - a +0 leather armour (worn)
Scrolls
 f - a scroll of fog
 j - a scroll of identify
 k - 2 scrolls of enchant weapon
 l - a scroll of magic mapping


   Skills:
 + Level 3.9 Fighting
 * Level 4.1 Maces & Flails
 - Level 2.4 Dodging
 - Level 3.0 Stealth


You had 3 spell levels left.
You didn't know any spells.
Your spell library contained the following spells:

 Spells                   Type           Power      Damage    Failure   Level
 Animate Skeleton         Necr           0%         N/A       41%         1
 Apportation              Tloc           0%         N/A       41%         1
 Corona                   Hex            0%         N/A       41%         1
 Summon Small Mammal      Summ           0%         N/A       41%         1


Dungeon Overview and Level Annotations

Branches:
Dungeon (3/15)              Sewer (1/1)

Altars:
Vehumet

Shops:
D:2 =[*

Annotations:
Sewer Purgy


Innate Abilities, Weirdness & Mutations

You are immune to sickness and miasma.
Your stone body is resilient. (AC +3)
You are immune to poison.
You resist negative energy. (rN+)
You are resistant to electric shocks. (rElec)
You are resistant to unholy torment.
You are immune to petrification.


Message History

Purgy is lightly wounded.
Purgy bites you.
* * * LOW HITPOINT WARNING * * *
Purgy claws you but does no damage. x2
Purgy hisses menacingly.
Purgy bites you but does no damage. Purgy claws you but does no damage.
Purgy claws you.
* * * LOW HITPOINT WARNING * * *
You see here a frilled lizard corpse.
You enter the shallow water.
Moving in this stuff is going to be slow.
You enter the shallow water.
Moving in this stuff is going to be slow.
Purgy bites you but does no damage. Purgy closely misses you.
Purgy claws you but does no damage. Why would you want to do that?
Purgy bites you.
* * * LOW HITPOINT WARNING * * *
Purgy claws you but does no damage. Purgy barely misses you.
You see here a frilled lizard corpse.
You feel better.
Purgy hisses, "I bite!"
Purgy closely misses you. Purgy barely misses you. Purgy claws you.
* * * LOW HITPOINT WARNING * * *
As you read the scroll of teleportation, it crumbles to dust.
You feel strangely unstable. Purgy bites you but does no damage.
Purgy claws you but does no damage. Purgy barely misses you.
Unknown command.
You completely miss Purgy. Purgy closely misses you.
Purgy claws you but does no damage. Purgy misses you.
You hit Purgy.
Purgy is lightly wounded.
Purgy barely misses you. x2; Purgy claws you.
* * * LOW HITPOINT WARNING * * *
You sock Purgy!
Purgy is heavily wounded.
Purgy bites you.
* * * LOW HITPOINT WARNING * * *
Purgy claws you.
You die...

#≈#≈≈≈≈≈≈≈≈≈.###(#.#
≈≈≈≈≈≈≈≈≈≈..## .#
#≈≈≈≈≈≈≈≈≈≈†## T#
≈≈≈≈≈≈≈≈≈≈≈.# .#
#≈≈≈≈≈≈≈≈≈.## ≈#
#≈≈≈≈≈≈≈≈≈## ≈#
#≈≈≈≈≈≈≈≈≈# .#
#≈≈≈≈≈≈≈T##
≈≈≈≈≈≈≈≈≈@#
#≈≈≈≈≈≈≈###
≈≈≈≈≈≈≈.# #≈≈≈≈≈≈≈#
#≈≈≈≈≈≈.##
##≈≈≈≈≈≈≈###
#≈≈≈≈≈≈≈≈#.#
≈≈≈≈≈≈≈≈≈.≈#
#≈≈≈≈≈≈≈≈≈≈## ####


You could see Purgy.

Vanquished Creatures
  2 adders (D:2)
  A dart slug (D:1)
  5 bats
  2 endoplasms
  7 giant cockroaches
  4 goblins
  4 hobgoblins
  A kobold (D:1)
  3 quokkas
  3 ball pythons
  9 frilled lizards
  2 rats (D:2)
43 creatures vanquished.

Vanquished Creatures (others)
  A ball python (D:3)
1 creature vanquished.

Grand Total: 44 creatures vanquished

Notes
Turn   | Place    | Note
-------+----------+-------------------------------------------
     0 | D:1      | experimilk the Gargoyle Monk began the quest for the Orb.
     0 | D:1      | Reached XP level 1. HP: 14/14 MP: 1/1
   464 | D:1      | Reached XP level 2. HP: 19/19 MP: 2/2
  1164 | D:1      | Found a faded altar of an unknown god.
  1299 | D:2      | Found Qiraviy's General Store.
  1336 | D:2      | Reached XP level 3. HP: 21/24 MP: 3/3
  1704 | D:2      | Found Eraxur's Armour Shop.
  1834 | D:2      | Found Xeuwn's Jewellery Boutique.
  2371 | D:2      | Reached skill level 4 in Maces & Flails
  2497 | D:3      | Found a radiant altar of Vehumet.
  2508 | D:3      | Found a glowing drain.
  2523 | D:3      | Reached XP level 4. HP: 29/29 MP: 4/4
  2567 | Sewer    | Entered a sewer
  2670 | Sewer    | Noticed Purgy
  2687 | Sewer    | HP: 1/29 [Purgy (2)]
  2694 | Sewer    | HP: 1/29 [Purgy (3)]
  2694 | Sewer    | Slain by Purgy

Illustrated notes

Levels and vault maps discovered:
D:1:      evilmike_arrival_crescent, layout_rooms,
          hellmonk_ecumenical_altar_inner_sanctum
D:2:      layout_basic, serial_shops, shop, shop, shop, minivault_25
D:3:      minmay_goblin_kobold_castle, layout_basic, fiery_altar_vehumet,
          marbit_many_paths, portal_sewer_entry_f
Sewer:    sewer_co_purgy_island

Skill      XL: |  1  2  3 |
---------------+----------+-----
Stealth        | 3 |  3.0
Maces & Flails | 4 |  4.1
Fighting       | |  3.9
Dodging        | |  2.4

Action                   |  1- 3 |  4- 6 || total
-------------------------+-------+-------++-------
Melee: Mace              |   113 |    30 ||   143
Throw: Stone             |       |    13 ||    13
  Use: Scroll            |     4 |     1 ||     5
       Potion            |       |     2 ||     2
 Stab: Sleeping          |     3 |       ||     3
Armor: Robe              |    36 |       ||    36
       Leather armour    |    23 |    18 ||    41
Dodge: Dodged            |   121 |    31 ||   152

Table legend: (Time is in decaauts)
 A = Elapsed time spent in this place.
 B = Non-inter-level travel time spent in this place.
 C = Inter-level travel time spent in this place.
 D = Time resting spent in this place.
 E = Time spent auto-exploring this place.
 F = Levels seen in this place.
 G = Mean time per level.
                   A        B        C        D        E       F      G
               +--------+--------+--------+--------+--------+-----+--------+
         Total |   2749 |   2705 |     44 |   1164 |    747 |   4 |  687.2 |
       Dungeon |   2605 |   2561 |     44 |   1113 |    747 |   3 |  868.3 |
         Sewer |    143 |    143 |      0 |     51 |      0 |   1 |  143.0 |
               +--------+--------+--------+--------+--------+-----+--------+

Top non-repeatable levels by time:
     D:1: 1268 daAuts
     D:2: 1248 daAuts
   Sewer: 143 daAuts
     D:3: 88 daAuts
